 Dungeon Crawl Stone Soup version 0.30.0-5-g1a98f26d00 (webtiles) character file.

Game seed: 3054267384263898464

626 Brutalitops the Trooper (level 7, -1/55 HPs)
             Began as a Formicid Air Elementalist on May 12, 2023.
             Killed by divine providence
             ... invoked by an orc priest
              (9 damage)
             ... on level 5 of the Dungeon.
             The game lasted 00:17:25 (3952 turns).

Brutalitops the Trooper (Formicid Air Elementalist) Turns: 3952, Time: 00:17:25

Health: -1/55      AC:  6    Str: 13    XL:     7   Next: 76%
Magic:  10/10      EV: 12    Int: 14    God:
Gold:   263        SH:  0    Dex: 14    Spells: 9/10 levels left

rFire   + . .        r - +3 quarterstaff (heavy)
rCold   + + +        (no shield)
rNeg    . . .        s - +1 leather armour {rC+}
rPois   +            (helmet unavailable)
rElec   +            j - scarf {+Inv}
rCorr   +            (no gloves)
SInv    +            (no boots)
Will    .....        (no amulet)
Stlth   ++           (no ring)
HPRegen 0.29/turn    (no ring)
MPRegen 0.12/turn

%: no passive effects
@: resistant
A: permanent stasis, dig shafts and tunnels, antennae 3, four strong arms,
iridescent scales 1, cold resistance 1, weak 1, sturdy frame 1
a: Dig, Shaft Self, Evoke Invisibility


You were on level 5 of the Dungeon.
You visited 1 branch of the dungeon, and saw 5 of its levels.

You collected 276 gold pieces.
You spent 13 gold pieces at shops.

Inventory:

Hand Weapons
 c - a +0 short sword
 h - a +0 whip
 i - a +1 dagger of venom
 p - a +0 long sword of chaos
 r - a +3 heavy quarterstaff (weapon)
Armour
 a - a +0 robe
 g - a +0 chain mail
 j - a scarf of invisibility (worn)
 o - a +0 plate armour
 s - a +1 leather armour of cold resistance (worn)
Wands
 n - a wand of polymorph (9)
 w - a wand of iceblast (8)
 x - a wand of flame (25)
Scrolls
 d - 3 scrolls of immolation
 v - a scroll of noise {unknown}
 y - a scroll of identify {unknown}
 z - a scroll of silence {unknown}
 A - a scroll of enchant armour {unknown}
 B - a scroll of butterflies {unknown}
Potions
 b - 2 potions of magic
 f - a potion of flight
 l - 2 potions of brilliance
 m - a potion of mutation
 t - a potion of attraction
 u - a potion of ambrosia
 C - 2 potions of might
 D - 3 potions of curing


   Skills:
 + Level 4.9 Fighting
 + Level 3.8 Staves
 + Level 4.6 Armour
 - Level 1.7 Dodging
 - Level 2.4 Stealth
 + Level 2.3 Spellcasting
 + Level 0.8 Conjurations
 + Level 0.5 Hexes
 + Level 2.4 Air Magic
 * Level 1.1 Earth Magic


You had 9 spell levels left.
You knew the following spells:

 Your Spells              Type           Power      Damage    Failure   Level
b - Sandblast             Erth           8%         2d5       16%         1

Your spell library contained the following spells:

 Spells                   Type           Power      Damage    Failure   Level
 Shock                    Conj/Air       24%        1d4       12%         1
 Static Discharge         Conj/Air       12%        2-3/arc   19%         2
 Passwall                 Tmut/Erth      2%         N/A       28%         2
 Stone Arrow              Conj/Erth      8%         3d7       43%         3
 Airstrike                Air            4%         2d(1-17)  65%         4
 Summon Forest            Summ/Tloc      0%         N/A       100%        5
 Eringya's Noxious Bog    Tmut/Pois      0%         N/A       100%        6
 Summon Hydra             Summ           0%         N/A       100%        7
 Swiftness                Air            Unusable   N/A       N/A         3

Dungeon Overview and Level Annotations

Branches:
Dungeon (5/15)
 Temple: D:4-7

Altars:
Cheibriados
Trog

Shops:
D:1 :*   D:4 !


Innate Abilities, Weirdness & Mutations

You cannot be hasted, slowed, berserked, paralysed or teleported.
You can dig through walls and to a lower floor.
You have a pair of large antennae on your head. (SInv)
Your four strong arms can wield two-handed weapons with a shield.
You are partially covered in iridescent scales. (AC +2)
Your flesh is cold resistant. (rC+)
You are weak. (Str -2)
Your movements are slightly less encumbered by armour. (ER -2)


Message History

You cannot move.
You cannot move.
You closely miss something. Something hits you but does no damage.
You hear some strange, mumbled words.
A magic dart appears from out of thin air!
The magic dart hits you.
* * * LOW HITPOINT WARNING * * *
You miss something. Something hits you but does no damage.
You closely miss something. Something hits you but does no damage.
You hit something. Something hits you but does no damage.
You sock something!
Reactivating autopickup.
You feel a bit more experienced.
You catch the helpless orc completely off-guard!
You bludgeon the orc!!
You kill the orc!
The orc priest begins to cast a cantrip, but forgets the words!
You cannot move.
You barely miss the orc. You punch the orc.
The orc is heavily wounded.
The orc hits you but does no damage. x2
You hit the orc.
You kill the orc!
You flicker for a moment.
Your transformation is almost over.
You flicker back into view.
You barely miss the orc priest.
The orc priest hits you but does no damage.
You hit the orc priest.
The orc priest is heavily wounded.
The orc priest hits you but does no damage. x2
You sock the orc priest!
The orc priest is almost dead.
You feel less wooden.
Your scarf of invisibility unmelds from your body.
Your +1 leather armour of cold resistance unmelds from your body.
You become transparent for a moment.
You feel resistant to cold.
The orc priest mumbles some strange prayers to Beogh against you.
Beogh smites you!
You die...

#.####.....#####...#.##
#.#<.##...##.>#......##
#.#...#...#...#........
#)##.'#...#'.##......##
##.###...(.###.....#.#
##.....................
#.......⌠..........#...
#..................#...
#.####@....####### #
#.o#...#..##
#...#...#...#
#>.##...##.<# ###
#...##### #####


You could see an orc priest.

Vanquished Creatures
  Grinder (D:3)
  A howler monkey (D:5)
  2 jellies (D:5)
  2 hounds
  Ijyb (D:3)
  2 orc wizards (D:5)
  Robin (D:3)
  A gnoll (D:5)
  6 adders
  A shadow imp (D:5)
  5 dart slugs
  12 orcs
  3 endoplasms
  4 giant cockroaches
  14 goblins
  8 hobgoblins
  2 jackals (D:1)
  9 kobolds
  2 quokkas
  8 ball pythons
  4 bats
  3 frilled lizards (D:2)
  3 rats
95 creatures vanquished.

Notes
Turn   | Place    | Note
-------+----------+-------------------------------------------
     0 | D:1      | Brutalitops the Formicid Air Elementalist began the quest
                  | for the Orb.
     0 | D:1      | Reached XP level 1. HP: 13/13 MP: 3/3
    25 | D:1      | Found Xite Afasa's General Store.
   255 | D:1      | Reached skill level 1 in Fighting
   255 | D:1      | Reached XP level 2. HP: 11/21 MP: 5/5
   611 | D:1      | Found Suugal's Book Boutique.
   746 | D:1      | Reached XP level 3. HP: 24/27 MP: 6/6
  1398 | D:2      | Reached skill level 1 in Armour
  1398 | D:2      | Reached XP level 4. HP: 35/35 MP: 7/7
  1930 | D:3      | Noticed Grinder
  2077 | D:3      | Noticed Ijyb
  2084 | D:3      | Killed Ijyb
  2085 | D:3      | Reached XP level 5. HP: 35/42 MP: 8/8
  2136 | D:3      | Noticed Robin
  2169 | D:3      | Killed Robin
  2335 | D:3      | Found a bloodstained altar of Trog.
  2461 | D:3      | Killed Grinder
  2462 | D:3      | Reached XP level 6. HP: 41/49 MP: 9/9
  2814 | D:4      | Found Gouvur's Distillery.
  2823 | D:4      | Bought a potion of degeneration for 13 gold pieces
  2826 | D:4      | Gained mutation: Your flesh is cold resistant. (rC+)
                  | [potion of mutation]
  2826 | D:4      | Gained mutation: You are weak. (Str -2) [potion of
                  | mutation]
  2826 | D:4      | Gained mutation: You are partially covered in iridescent
                  | scales. (AC +2) [potion of mutation]
  2826 | D:4      | Gained mutation: Your movements are slightly less
                  | encumbered by armour. (ER -2) [potion of mutation]
  3047 | D:4      | Learned a level 1 spell: Sandblast
  3216 | D:4      | Reached XP level 7. HP: 55/55 MP: 8/10
  3370 | D:5      | Entered Level 5 of the Dungeon
  3559 | D:5      | Found a snail-covered altar of Cheibriados.
  3788 | D:5      | Reached skill level 1 in Earth Magic
  3935 | D:5      | HP: 4/82 [something/magic dart (2)]
  3952 | D:5      | Killed from afar by an orc priest

Illustrated notes

Levels and vault maps discovered:
D:1:      wheals_arrival_linesprint, layout_loops_ring, serial_shops, shop, shop
D:2:      layout_rooms
D:3:      layout_rooms, trog_three_pillars_becter, uniq_robin, uniq_ijyb,
          uniq_grinder
D:4:      layout_loops_corners, serial_shops, shop
D:5:      layout_basic, mainiacjoe_overflow_surrounded_room, grunt_ministairs_6,
          hangedman_abyss_or_decor_lesser_grid, st_stairs_2

Skill      XL: |  1  2  3  4  5  6  7 |
---------------+----------------------+-----
Fighting       | 1 2 3 4 |  4.9
Armour         | 1 2 4 |  4.6
Staves         | 2 3 |  3.8
Earth Magic    | 1 |  1.1
Dodging        | |  1.7
Stealth        | |  2.4
Spellcasting   | |  2.3
Conjurations   | |  0.8
Hexes          | |  0.5
Air Magic      | |  2.4

Action                     |  1- 3 |  4- 6 |  7- 9 || total
---------------------------+-------+-------+-------++-------
  Melee: Short sword       |   101 |       |       ||   101
         Unarmed           |     4 |       |       ||     4
         Whip              |    10 |       |       ||    10
         Dagger            |     9 |    56 |       ||    65
         Punch             |     1 |     2 |     1 ||     4
         Quarterstaff      |       |    37 |    63 ||   100
   Cast: Shock             |    13 |       |       ||    13
         Sandblast         |       |       |     8 ||     8
  Evoke: Wand              |       |     2 |       ||     2
    Use: Scroll            |     2 |       |     3 ||     5
         Potion            |       |     3 |     7 ||    10
   Stab: Sleeping          |     3 |     3 |     1 ||     7
         Invisible         |       |       |     1 ||     1
 Armour: Robe              |     8 |       |       ||     8
         Chain mail        |    44 |    56 |       ||   100
         Leather armour    |       |     1 |    21 ||    22
         Skin              |       |       |    10 ||    10
  Dodge: Dodged            |    51 |    42 |    37 ||   130
